 Dungeon Crawl Stone Soup version 0.31.0-32-g396128a36d (webtiles) character file.

Game seed: 18372442465680804979

12542 mainiacjoe the Fighter (level 11, -14/111 HPs)
             Began as a Minotaur Fighter on Apr 7, 2024.
             Was a Priest of Lugonu.
             Demolished by a komodo dragon (25 damage)
             ... on level 1 of the Lair of Beasts.
             The game lasted 00:31:11 (10376 turns).

mainiacjoe the Fighter (Minotaur Fighter)          Turns: 10376, Time: 00:31:11

Health: -14/111    AC: 11    Str: 25    XL:     11   Next: 63%
Magic:  14/14      EV: 17    Int:  8    God:    Lugonu [***...]
Gold:   286        SH:  6    Dex: 18    Spells: 10/10 levels left

rFire   . . .        a - +1 flail (flame)
rCold   . . .        c - +0 buckler
rNeg    . . .        L - +3 scale mail {rPois}
rPois   +            H - +0 hat
rElec   +            R - scarf {repulsion}
rCorr   .            (no gloves)
SInv    .            k - +0 pair of boots of a wizard's laboratory {rElec Int+3 Dex+2}
Will    .....        G - amulet of the acrobat Stlth
                     S - +5 ring of evasion
HPRegen 0.38/turn    r - +6 ring of dexterity
MPRegen 0.14/turn

%: repel missiles, acrobat
@: no status effects
A: horns 2, retaliatory headbutt
a: Renounce Religion, Depart the Abyss, Banish


You were on level 1 of the Lair of Beasts.
You worshipped Lugonu.
Lugonu was most pleased with you.
You visited 3 branches of the dungeon, and saw 12 of its levels.
You also visited: Ossuary.

You collected 608 gold pieces.
You spent 322 gold pieces at shops.

Inventory:

Hand Weapons
 a - a +1 flail of flaming (weapon)
 b - a +0 sling
 w - a +1 vampiric hand axe
 N - a +4 flail
 O - a +1 whip of electrocution
 Q - a +0 spectral quick blade
 X - a +1 dire flail of holy wrath
 Y - a +1 dagger of distortion
Missiles
 d - 3 curare-tipped darts {=F}
 j - 83 stones
 x - 20 poisoned darts
 E - a boomerang
 J - 5 silver javelins
 W - 7 throwing nets {=F}
Armour
 c - a +0 buckler (worn)
 k - the +0 pair of boots of a wizard's laboratory (worn) {rElec Int+3 Dex+2}
   (You acquired it on level 4 of the Dungeon)

   Int+3:     It affects your intelligence (+3).
   Dex+2:     It affects your dexterity (+2).
   rElec:     It insulates you from electricity.
 l - a +1 cloak
 o - +0 shadow dragon scales
 q - an orb of mayhem
 t - a +0 ring mail of willpower
 F - a +2 leather armour of poison resistance
 H - a +0 hat (worn)
 L - a +3 scale mail of poison resistance (worn)
 R - a scarf of repulsion (worn)
Jewellery
 f - a ring of positive energy
 i - an amulet of guardian spirit
 n - a ring of ice
 p - a ring of flight
 r - a +6 ring of dexterity (right hand)
 y - a ring of positive energy
 G - an amulet of the acrobat (around neck)
 P - a ring of resist corrosion
 S - a +5 ring of evasion (left hand)
Wands
 v - a wand of flame (44)
 T - a wand of light (12)
Scrolls
 m - 9 scrolls of teleportation
 z - 3 scrolls of vulnerability
 D - 2 scrolls of fog
 I - a scroll of revelation
 K - a scroll of silence
 M - 5 scrolls of poison
Potions
 e - 10 potions of curing
 g - 2 potions of heal wounds
 h - 3 potions of mutation
 s - a potion of brilliance {unknown}
 u - 3 potions of lignification
 A - 2 potions of invisibility {unknown}
 B - 4 potions of cancellation
 C - 5 potions of attraction
 U - 4 potions of enlightenment
 V - a potion of berserk rage {unknown}
 Z - a potion of ambrosia {unknown}


   Skills:
 * Level 14.3 Fighting
 - Level 14.0 Maces & Flails
 - Level 5.0 Armour
 - Level 5.0 Dodging
 - Level 5.0 Shields
 + Level 6.2 Invocations
 + Level 0.0 Evocations


You had 10 spell levels left.
You didn't know any spells.
Your spell library contained the following spells:

 Spells                   Type           Power      Damage    Failure   Level
 Call Imp                 Summ           0%         N/A       87%         2
 Sublimation of Blood     Necr           0%         N/A       87%         2
 Inner Flame              Hex/Fire       0%         N/A       98%         3
 Tukima's Dance           Hex            0%         N/A       98%         3
 Brom's Barrelling Bould  Conj/Erth      0%         2d3       100%        4
 Dimensional Bullseye     Hex/Tloc       0%         N/A       100%        4
 Iskenderun's Mystic Bla  Conj/Tloc      0%         2d3       100%        4
 Manifold Assault         Tloc           0%         N/A       100%        4
 Summon Blazeheart Golem  Fire/Summ      0%         N/A       100%        4
 Fireball                 Conj/Fire      0%         3d3       100%        5
 Irradiate                Conj/Alch      0%         3d11      100%        5
 Iskenderun's Battlesphe  Conj           0%         2d6       100%        5
 Conjure Ball Lightning   Conj/Air       0%         3x3d6     100%        6
 Dispersal                Tloc           0%         N/A       100%        6
 Orb of Destruction       Conj           0%         9d5       100%        7
 Spellforged Servitor     Conj/Summ      0%         N/A       100%        7
 Summon Hydra             Summ           0%         N/A       100%        7
 Disjunction              Tloc           0%         N/A       100%        8
 Ignition                 Fire           0%         3d3       100%        8


Dungeon Overview and Level Annotations

Branches:
Dungeon (10/15)            Temple (1/1) D:6            Lair (1/5) D:8
Ossuary (visited)
    Orc: D:9-12

Altars:
Ashenzari
Cheibriados
Dithmenos
Elyvilon
Fedhas
Gozag
Hepliaklqana
Kikubaaqudgha
Makhleb
Nemelex Xobeh
Okawaru
Qazlal
Ru
Sif Muna
Trog
Uskayaw
Vehumet
Wu Jian
Xom
Yredelemnul
Zin
The Shining One
Lugonu

Shops:
D:2 :   D:4 **   D:9 [

Annotations:
D:1 2 runed translucent doors


Innate Abilities, Weirdness & Mutations

You have a pair of horns on your head.
You reflexively headbutt those who attack you in melee.


Message History

You have turned to stone.
The komodo dragon bites you!! The basilisk gazes at you.
You resist with some effort.
The komodo dragon bites you but does no damage.
The komodo dragon bites you!! The basilisk gazes at you.
The komodo dragon hisses menacingly.
The komodo dragon bites you!! The basilisk bites you!
The komodo dragon bites you!! The basilisk barely misses you.
The komodo dragon bites you. The basilisk gazes at you.
You resist with some effort. The komodo dragon bites you.
You turn to flesh and can move again.
Unknown command.
Unknown command.
You hit the komodo dragon but do no damage.
The komodo dragon is lightly wounded.
You barely miss the komodo dragon.
The komodo dragon is lightly wounded.
You block the basilisk's attack. The komodo dragon bites you.
* * * LOW HITPOINT WARNING * * *
You hit the komodo dragon but do no damage.
The komodo dragon is lightly wounded.
The komodo dragon bites you!!
* * * LOW HITPOINT WARNING * * *
The basilisk barely misses you. You furiously retaliate!
You headbutt the basilisk! You sock the komodo dragon!
You burn the komodo dragon.
You headbutt the komodo dragon, but do no damage.
The komodo dragon is heavily wounded.
You hit the komodo dragon but do no damage.
You headbutt the komodo dragon!
The komodo dragon is severely wounded.
The basilisk gazes at you. You resist with some effort.
You block the komodo dragon's attack.
You hit the komodo dragon but do no damage.
The komodo dragon is severely wounded.
The komodo dragon bites you!!
You die...

...+.........#
## #........##
#........##
#.........#
#........##
##+..#####
#.....#
###.#+####
#.@....#
+.ll...#
#......#
#.^....#
#......#
#......#
#......#
.......#


You could see a komodo dragon and a basilisk.

Vanquished Creatures
  Harold (D:10)
  A centaur warrior (D:10)
  A tengu warrior (D:10)
  3 two-headed ogres
  Sonja (D:10)
  A cyclops (D:10)
  A black mamba (Lair:1)
  Joseph (D:10)
  A kobold demonologist (D:10)
  A troll (D:8)
  Grinder (D:4)
  Sigmund (D:6)
  A wraith (D:9)
  Eustachio (D:5)
  8 yaks (D:10)
  Menkaure (D:6)
  An acid dragon (D:9)
  A water moccasin (Lair:1)
  3 orc warriors
  3 ice beasts
  A sky beast (D:8)
  2 wolves (D:8)
  2 ogres
  A centaur (D:6)
  A phantom (D:5)
  4 kobold brigands
  2 elf zombies (Ossuary)
  2 gnoll sergeants
  3 bullfrogs
  A scorpion (D:5)
  4 wights (D:6)
  3 jellies
  21 killer bees
  An electric eel (D:8)
  6 howler monkeys
  A bombardier beetle (D:6)
  7 hounds
  A human zombie (Ossuary)
  3 orc priests
  3 gnoll boudas
  3 orc wizards
  A sleepcap (D:5)
  2 iguanas (D:6)
  2 hound zombies (Ossuary)
  3 mummies
  17 gnolls
  7 adders
  A shadow imp (D:7)
  2 white imps
  6 ufetubi
  5 adder zombies (Ossuary)
  2 dart slugs
  A ribbon worm (D:2)
  18 orcs
  7 ball pythons
  9 endoplasms
  6 giant cockroaches
  3 gnoll zombies (Ossuary)
  5 hobgoblins
  4 jackals (D:2)
  3 quokkas
  7 bats
  2 frilled lizards
  4 goblins
  A goblin zombie (D:4)
  A hobgoblin zombie (D:4)
  7 jackal zombies (Ossuary)
  18 kobolds
  8 kobold zombies (Ossuary)
  9 orc zombies (Ossuary)
  3 rats
269 creatures vanquished.

Notes
Turn   | Place    | Note
-------+----------+-------------------------------------------
     0 | D:1      | mainiacjoe the Minotaur Fighter began the quest for the
                  | Orb.
     0 | D:1      | Reached XP level 1. HP: 19/19 MP: 0/0
   130 | D:1      | Found a large runed translucent door.
   130 | D:1      | Found a large runed translucent door.
   337 | D:1      | Reached XP level 2. HP: 17/27 MP: 1/1
   919 | D:2      | Reached XP level 3. HP: 33/33 MP: 2/2
  1166 | D:2      | Found Catixzouto's Vocational Training.
  1501 | D:2      | Reached XP level 4. HP: 41/41 MP: 3/3
  2038 | D:3      | Found a shimmering blue altar of Sif Muna.
  2052 | D:3      | Reached skill level 5 in Fighting
  2542 | D:4      | Reached XP level 5. HP: 48/48 MP: 4/4
  2674 | D:4      | Identified a scroll of acquirement
  2674 | D:4      | Acquired the +0 pair of boots of a wizard's laboratory
                  | {rElec Int+3 Dex+2}
  2712 | D:4      | Found Isox's Specific Store.
  2713 | D:4      | Found Puahata's General Store.
  2809 | D:4      | Noticed Grinder
  2816 | D:4      | Killed Grinder
  2817 | D:4      | Reached skill level 5 in Maces & Flails
  2817 | D:4      | Reached XP level 6. HP: 57/57 MP: 5/5
  2870 | D:4      | Found a sand-covered staircase.
  2874 | D:4      | Reached skill level 5 in Shields
  2877 | Ossuary  | Entered an ossuary
  2926 | Ossuary  | Reached skill level 5 in Armour
  2926 | Ossuary  | Reached XP level 7. HP: 64/64 MP: 4/6
  3064 | Ossuary  | Reached skill level 1 in Dodging
  3414 | D:4      | Found an opulent altar of Gozag.
  3620 | D:5      | Entered Level 5 of the Dungeon
  3864 | D:5      | Noticed Eustachio
  3871 | D:5      | Killed Eustachio
  4066 | D:5      | Reached XP level 8. HP: 65/74 MP: 5/7
  4297 | D:6      | Noticed Menkaure
  4311 | D:6      | Killed Menkaure
  4314 | D:6      | Noticed Sigmund
  4477 | D:6      | Killed Sigmund
  4504 | D:6      | Reached XP level 9. HP: 82/84 MP: 8/8
  4523 | D:6      | Found a staircase to the Ecumenical Temple.
  4534 | D:6      | Found a stormy altar of Qazlal.
  4890 | D:6      | Found a hide-covered altar of Uskayaw.
  4893 | D:6      | Found a broken altar of Ashenzari.
  4895 | D:6      | Found a blossoming altar of Fedhas.
  5152 | Temple   | Entered the Ecumenical Temple
  5170 | Temple   | Became a worshipper of Lugonu the Unformed
  5226 | D:6      | Found a sparkling altar of Nemelex Xobeh.
  5332 | D:6      | Found a sacrificial altar of Ru.
  5399 | D:6      | Found a glowing golden altar of the Shining One.
  5689 | D:7      | Reached skill level 1 in Invocations
  5703 | D:7      | Reached skill level 10 in Fighting
  5882 | D:7      | Reached * piety under Lugonu
  6134 | D:4      | Bought a +3 scale mail of poison resistance for 322 gold
                  | pieces
  6256 | D:7      | Noticed a two-headed ogre
  6265 | D:7      | Killed a two-headed ogre
  6266 | D:7      | Reached skill level 10 in Maces & Flails
  6266 | D:7      | Reached skill level 5 in Dodging
  7049 | D:7      | Found an iron altar of Okawaru.
  7195 | D:8      | Found a burning altar of Makhleb.
  7330 | D:8      | Reached XP level 10. HP: 90/96 MP: 11/11
  7473 | D:8      | Found a staircase to the Lair.
  7935 | D:9      | Found Zagiwuamm's Antique Armour Shoppe.
  7944 | D:9      | Noticed a two-headed ogre
  7953 | D:9      | Killed a two-headed ogre
  7953 | D:9      | Reached ** piety under Lugonu
  8200 | D:9      | Found a bloodstained altar of Trog.
  8214 | D:9      | Noticed a two-headed ogre
  8222 | D:9      | Killed a two-headed ogre
  8370 | D:10     | Entered Level 10 of the Dungeon
  8383 | D:10     | Found a hazy altar of Hepliaklqana.
  8433 | D:10     | Noticed a centaur warrior
  8434 | D:10     | Noticed a red ugly thing
  8438 | D:10     | Noticed a cyclops
  8439 | D:10     | Banished a red ugly thing
  8448 | D:10     | Killed a centaur warrior
  8449 | D:10     | Reached skill level 5 in Invocations
  8449 | D:10     | Reached XP level 11. HP: 19/107 MP: 9/13
  8898 | D:10     | Noticed a tengu warrior
  8918 | D:10     | Killed a tengu warrior
  9184 | D:10     | Noticed Joseph
  9184 | D:10     | Noticed Sonja
  9199 | D:10     | Killed Joseph
  9742 | D:10     | Noticed Harold
  9755 | D:10     | Killed Harold
  9951 | D:10     | Killed Sonja
 10308 | Lair:1   | Entered Level 1 of the Lair of Beasts
 10333 | Lair:1   | Reached *** piety under Lugonu
 10376 | Lair:1   | Demolished by a komodo dragon

Illustrated notes

Levels and vault maps discovered:
D:1:      erik_arrival_cave_to_civilisation [erik_arrival_cave_to_temple],
          layout_rooms, palyth_stone_intersect, minmay_pentomino_r2
D:2:      layout_basic, nicolae_shop_vocational
D:3:      wander_river, layout_basic, nicolae_sif_muna_condensation, minivault_5
D:4:      layout_loops_ring, nicolae_gozag_cash_rules_everything_around_me,
          nicolae_ossuary_entry_giza, minmay_misc_feat_plants,
          hangedman_decor_peaks_small, minmay_misc_feat_ornament,
          nicolae_specific_store, uniq_grinder
D:5:      layout_basic, uniq_eustachio
D:6:      layout_basic, nicolae_tso_swordbearing_angel, lemuel_round_altar,
          nicolae_ru_path_of_blood, marbit_many_paths,
          grunt_temple_overflow_open, minmay_temple_entry_statues, minmay_holes,
          uniq_menkaure, uniq_sigmund
D:7:      layout_loops_ring, hellmonk_okawaru_the_only_friend_you_need,
          minivault_22, minmay_misc_feat_four_crosses
D:8:      layout_cave_pools, overflow_temple_1_default, erik_lair_island
D:9:      layout_cave_pools, kennysheep_little_box, serial_shops, shop,
          roderic_filled_cross, grunt_ministairs_7
D:10:     minmay_distorted_concentric_squares, layout_stronghold,
          mainiacjoe_overflow_cross_hatched, kennysheep_small_spiral,
          uniq_joseph, uniq_harold, uniq_sonja
Temple:   corrupted_temple
Lair:1:   layout_roguey, portal_ice_cave_entry_ice_simulacra,
          serial_bayou_pond_a, small_statue_intersection

Skill      XL: |  1  2  3  4  5  6  7  8  9 10 11 |
---------------+----------------------------------+-----
Fighting       | 4 5 6 7 9 11 13 14 | 14.3
Maces & Flails | 3 4 5 7 9 10 12 14 | 14.0
Shields        | 4 5 |  5.0
Armour         | 4 5 |  5.0
Dodging        | 2 4 5 |  5.0
Invocations    | 3 5 6 |  6.2

Action                     |  1- 3 |  4- 6 |  7- 9 | 10-12 || total
---------------------------+-------+-------+-------+-------++-------
  Melee: Flail             |    87 |    91 |   271 |   211 ||   660
         Headbutt          |     7 |    20 |    56 |    52 ||   135
         Hand axe          |       |       |       |    12 ||    12
   Fire: Sling             |       |       |    17 |       ||    17
  Throw: Dart              |     5 |     6 |       |     4 ||    15
         Stone             |     4 |       |       |       ||     4
 Invoke: Banish            |       |       |       |     1 ||     1
  Evoke: Wand              |       |     3 |       |     3 ||     6
    Use: Scroll            |     6 |     8 |     4 |     5 ||    23
         Potion            |       |       |       |     1 ||     1
   Stab: Sleeping          |       |     6 |     5 |       ||    11
 Armour: Scale mail        |    50 |       |    12 |   131 ||   193
         Shadow dragon sca |    11 |    81 |   159 |       ||   251
  Dodge: Dodged            |    39 |    40 |   104 |   208 ||   391
         Repelled          |       |       |       |     2 ||     2
  Block: Buckler           |    34 |    26 |    77 |    67 ||   204
